 Dungeon Crawl Stone Soup version 0.16-a0-3496-g6490362 (webtiles) character file.

99 PolkaDot the Skirmisher (level 4, 0/40 HPs)
             Began as a Draconian Fighter on Jan 5, 2015.
             Killed by divine providence
             ... invoked by an orc priest
              (16 damage)
             ... on level 3 of the Dungeon.
             The game lasted 00:02:59 (1253 turns).

PolkaDot the Skirmisher (Draconian Fighter)         Turns: 1253, Time: 00:03:00

Health: 0/40       AC:  7    Str: 16    XL:     4   Next: 45%
Magic:  4/4        EV: 13    Int:  9    God:
Gold:   39         SH:  0    Dex: 11    Spells: 0 memorised, 3 levels left

rFire  . . .     SeeInvis .       - Unarmed
rCold  . . .     Clarity  .     (armour unavailable)
rNeg   . . .     SustAb   .     (no shield)
rPois  .         Gourm    .     (helmet restricted)
rElec  .         Spirit   .     (no cloak)
rCorr  .         Warding  .     b - +0 pair of gloves
rMut   .         Stasis   .     d - +0 pair of boots
MR     .....                    (no amulet)
Stlth  +.........               (no ring)
                                (no ring)

@: not resistant to hostile enchantments, very unstealthy
A: unfitting armour, horns 1, weak 1, cold-blooded, placid magic 1, AC +5
a: no special abilities


You were on level 3 of the Dungeon.
You were not hungry.

You visited 1 branch of the dungeon, and saw 3 of its levels.

You collected 39 gold pieces.

Inventory:

Armour
 b - a +0 pair of gloves (worn)
 d - a +0 pair of boots (worn)
Scrolls
 e - a scroll of enchant weapon {unknown}
 h - a scroll of teleportation {unknown}
 i - a scroll of identify {unknown}
Books
 g - a book of Fire

   Spells                             Type                      Level
   a - Ignite Poison                  Fire/Transmutation           5
   b - Fireball                       Conjuration/Fire             5
   c - Bolt of Fire                   Conjuration/Fire             6
   d - Delayed Fireball               Conjuration/Fire             7
   e - Ring of Flames                 Charms/Fire                  7
Comestibles
 a - 3 bread rations
 c - 4 chunks of flesh
 f - a slice of pizza


   Skills:
 + Level 4.2 Fighting
 + Level 3.3 Dodging
   Level 3.0 Shields
 * Level 3.4 Unarmed Combat


You had 3 spell levels left.
You didn't know any spells.

Dungeon Overview and Level Annotations

Branches:
Dungeon (3/15)

Altars:
Nemelex Xobeh
Zin

Annotations:
D:3 runed door


Innate Abilities, Weirdness & Mutations

Your plain brown scales are hard (AC +5).
Your body does not fit into most forms of armour.
Your cold-blooded metabolism reacts poorly to cold.
You have a pair of small horns on your head.
You are weak. (Str -2)
Your spells are a little easier to cast, but a little less powerful.


Message History

You hit the orc but do no damage.
The orc is almost dead.
The orc hits you with a flail!
* * * LOW HITPOINT WARNING * * *
You are too injured to fight recklessly!
You are too injured to fight recklessly!
You hit the orc.
You kill the orc!
A rat comes into view.
You hit the orc priest but do no damage.
You tail-slap the orc priest.
The orc priest is lightly wounded.
The orc priest hits you with a flail!
* * * LOW HITPOINT WARNING * * *
You hit the orc priest but do no damage.
Your headbutt misses the orc priest.
The orc priest is lightly wounded.
The orc priest mumbles some strange prayers to Beogh against you.
Something smites you!
You die...

...♣♣♣♣
♣♣...).♣♣
#.# ♣.♣.♣.♣♣
♣)♣♣...♣ #.#
♣♣♣♣...♣♣♣
♣.♣♣♣♣.♣ #.#
♣♣♣.♣.♣♣♣♣.♣
♣.♣ #.#
♣♣..♣.♣♣.♣♣
♣♣.♣ ###
♣.÷♣♣...♣♣
♣.♣♣
♣♣.♣♣♣♣♣♣♣
♣♣.♣ ♣♣..♣
♣.♣♣ ♣.♣♣♣
♣@♣ ♣.♣ ♣o♣♣
♣♣.♣ ♣l ♣.♣♣
r♣ ♣.♣ .♣
♣♣.♣ ♣♣ ♣†♣♣
..♣ >♣♣


You could see an orc priest, a giant newt and a rat.

Vanquished Creatures
  An orc wizard (D:3)
  3 adders
  3 worms (D:3)
  5 orcs (D:3)
  A bat (D:3)
  2 giant cockroaches (D:2)
  2 hobgoblins
  A quokka (D:3)
  3 giant newts
  3 goblins
  2 kobolds (D:3)
  4 rats
30 creatures vanquished.

Vanquished Creatures (others)
  An orc (D:3)
1 creature vanquished.

Grand Total: 31 creatures vanquished

Notes
Turn   | Place    | Note
--------------------------------------------------------------
     0 | D:1      | PolkaDot, the Draconian Fighter, began the quest for the Orb.
     0 | D:1      | Reached XP level 1. HP: 19/19 MP: 1/1
    11 | D:1      | You fall through a shaft!
    42 | D:2      | Reached XP level 2. HP: 20/26 MP: 2/2
   551 | D:3      | Found a glowing silver altar of Zin.
   551 | D:3      | Found a runed door.
   551 | D:3      | Noticed an angel
   699 | D:3      | Found a sparkling altar of Nemelex Xobeh.
   737 | D:3      | Reached XP level 3. HP: 28/33 MP: 3/3
   820 | D:3      | Gained mutation: You have a pair of small horns on your head. [potion of mutation]
   820 | D:3      | Gained mutation: You are weak. (Str -2) [potion of mutation]
   820 | D:3      | Gained mutation: Your spells are a little easier to cast, but a little less powerful. [potion of mutation]
   824 | D:3      | Reached skill level 4 in Fighting
   831 | D:3      | Reached XP level 4. HP: 15/40 MP: 4/4
  1253 | D:3      | Killed from afar by an orc priest

Action                   |  1- 3 |  4- 6 || total
-------------------------+-------+-------++-------
Melee: Unarmed           |   112 |    29 ||   141
  Use: Potion            |     2 |       ||     2
  Eat: Chunk             |       |     1 ||     1
